 Dungeon Crawl Stone Soup version 0.23.1 (webtiles) character file.

Game seed: 1336403149829759323

69 DarkinPup the Ducker (level 4, -2/35 HPs)
             Began as a Demonspawn Gladiator on Mar 5, 2019.
             Slain by a gnoll
             ... wielding a +0 halberd
              (9 damage)
             ... on level 1 of the Dungeon.
             The game lasted 00:01:47 (1448 turns).

DarkinPup the Ducker (Demonspawn Gladiator)         Turns: 1448, Time: 00:01:47

Health: -2/35      AC:  5    Str: 16    XL:     4   Next: 2%
Magic:  4/4        EV: 13    Int:  9    God:
Gold:   61         SH:  0    Dex: 14    Spells: 3/3 levels left

rFire    . . .     SeeInvis .   a - +0 long sword
rCold    . . .     Gourm    .   (no shield)
rNeg     . . .     Faith    .   b - +0 leather armour
rPois    .         Spirit   .   c - +0 helmet
rElec    .         Reflect  .   (no cloak)
rCorr    .         Harm     .   (no gloves)
MR       .....                  (no boots)
Stlth    +.........             (no amulet)
HPRegen  0.11/turn              (no ring)
MPRegen  0.09/turn              (no ring)

@: no status effects
A: rugged brown scales 1, spiny 1
a: no special abilities


You were on level 1 of the Dungeon.
You were hungry.

You visited 1 branch of the dungeon, and saw 2 of its levels.

You collected 61 gold pieces.

Inventory:

Hand Weapons
 a - a +0 long sword (weapon)
Missiles
 d - 3 throwing nets (quivered)
 h - 3 tomahawks
Armour
 b - a +0 leather armour (worn)
 c - a +0 helmet (worn)
Scrolls
 g - a scroll of random uselessness {unknown}
 i - a scroll of identify {unknown}
Potions
 e - 2 potions of resistance {unknown}
 j - a potion of ambrosia {unknown}
 k - a potion of berserk rage {unknown}
Comestibles
 f - 4 rations


   Skills:
 * Level 2.6 Fighting
 * Level 3.2 Long Blades
 + Level 2.0 Throwing
 + Level 0.8 Armour
 * Level 3.3 Dodging


You had 3 spell levels left.
You didn't know any spells.
Your spell library was empty.

Dungeon Overview and Level Annotations

Branches:
Dungeon (2/15)

Altars:
Dithmenos
Wu Jian


Innate Abilities, Weirdness & Mutations

You are partially covered in rugged brown scales. (AC +1, +3% HP)
You are partially covered in sharp spines.


Message History

There is a stone staircase leading down here.
You hit the gnoll but do no damage.
The gnoll is moderately wounded.
The gnoll hits you with a +0 halberd!
* * * LOW HITPOINT WARNING * * *
You barely miss the gnoll.
The gnoll is moderately wounded.
The gnoll closely misses you.
You barely miss the gnoll.
The gnoll is moderately wounded.
The gnoll misses you.
You closely miss the gnoll.
The gnoll is moderately wounded.
The gnoll completely misses you.
You riposte.
You hit the gnoll but do no damage.
The gnoll is moderately wounded.
You hit the gnoll.
The gnoll is moderately wounded.
The gnoll is struck by your spines. The gnoll hits you with a +0 halberd!
You die...

##...##............##.....#
.#.####...........####....#
...# #...........#########
#######.............)#
##...................#
.....................#
####..##.##..........# #
#.###.##.....)....#
####.###.##.....@....#
.....>##.##......g...###
..†......##########....#
......#### #....# ......#
##...# ......# #####
......# #######


You could see a gnoll.

Vanquished Creatures
  A gnoll (D:1)
  2 adders (D:2)
  An ooze (D:2)
  A dart slug (D:2)
  A leopard gecko (D:1)
  8 bats
  2 giant cockroaches
  3 goblins (D:1)
  4 hobgoblins (D:1)
  4 kobolds
  3 frilled lizards
  4 rats
34 creatures vanquished.

Notes
Turn   | Place    | Note
-------+----------+-------------------------------------------
     0 | D:1      | DarkinPup the Demonspawn Gladiator began the quest for the
                  | Orb.
     0 | D:1      | Reached XP level 1. HP: 16/16 MP: 1/1
   245 | D:1      | Gained mutation: You are partially covered in rugged brown
                  | scales. (AC +1, +3% HP) [demonic ancestry]
   245 | D:1      | Reached XP level 2. HP: 16/22 MP: 2/2
   624 | D:1      | Reached XP level 3. HP: 28/28 MP: 3/3
  1038 | D:2      | Found a faded altar of an unknown god.
  1226 | D:2      | Found an ornate altar of the Wu Jian Council.
  1226 | D:2      | Found a shadowy altar of Dithmenos.
  1259 | D:1      | Gained mutation: You are partially covered in sharp spines.
                  | [demonic ancestry]
  1259 | D:1      | Reached XP level 4. HP: 15/35 MP: 4/4
  1448 | D:1      | Slain by a gnoll

Skill      XL: |  1  2  3 |
---------------+----------+-----
Dodging        | 3 |  3.3
Long Blades    | 3 |  3.2
Throwing       | 2 |  2.0
Fighting       | |  2.6
Armour         | |  0.8

Action                   |  1- 3 |  4- 6 || total
-------------------------+-------+-------++-------
Melee: Long sword        |    98 |     5 ||   103
 Stab: Sleeping          |     1 |       ||     1
  Eat: Chunk             |     1 |       ||     1
Armor: Leather armour    |    29 |       ||    29
Dodge: Dodged            |    87 |     6 ||    93
       Rpst.: Long sword |    28 |     1 ||    29
